 Dungeon Sprint DCSS version 0.31-a0-986-g5e6e4ef867 (webtiles) character file.

Game seed: 12278822135219594267

0 fozzywoppz the Magician (level 1, 0/11 HPs)
             Began as an Octopode Hedge Wizard on Nov 14, 2023.
             Was an Initiate of Sif Muna.
             Slain by a worm (3 damage)
             ... in the Dungeon (Sprint VI: "Thunderdome").
             The game lasted 00:01:25 (41 turns).

fozzywoppz the Magician (Octopode Hedge Wizard)       Turns: 41, Time: 00:01:26

Health: 0/11       AC:  1    Str:  9    XL:     1   Next: 20%
Magic:  5/5        EV: 13    Int: 16    God:    Sif Muna [......]
Gold:   200        SH:  0    Dex: 11    Spells: 5/7 levels left

rFire   . . .        a - +0 dagger
rCold   . . .        (no shield)
rNeg    . . .        b - +0 hat
rPois   .            (no amulet)
rElec   .            (no ring)
rCorr   .            (no ring)
SInv    .            (no ring)
Will    .....        (no ring)
Stlth   +++          (no ring)
HPRegen 0.21/turn    (no ring)
MPRegen 0.09/turn    (no ring)
                     (no ring)

%: no teleportation
@: no status effects
A: almost no armour, amphibious, 8 rings, camouflage 1, gelatinous body 1,
(nimble swimmer 1), tentacles
a: Renounce Religion


You were in the Dungeon.
You worshipped Sif Muna.
Sif Muna was noncommittal.
You visited 1 branch You collected 200 gold pieces.

Inventory:

Hand Weapons
 a - a +0 dagger (weapon)
Armour
 b - a +0 hat (worn)
Wands
 i - a wand of acid (5)
 j - a wand of roots (5)
Scrolls
 h - 4 scrolls of blinking
 k - 3 scrolls of fog
Potions
 c - 3 potions of magic
 d - a potion of curing
 e - 4 potions of heal wounds
 f - 4 potions of haste
 g - a potion of berserk rage
 l - a potion of resistance


   Skills:
 + Level 2.1 Dodging
 + Level 2.8 Stealth
 + Level 3.5 Spellcasting
 + Level 1.0 Conjurations
 + Level 1.0 Summonings
 + Level 1.0 Translocations


You had 5 spell levels left.
You knew the following spells:

 Your Spells              Type           Power      Damage    Failure   Level
a - Magic Dart            Conj           24%        1d4       12%         1
b - Slow                  Hex            8%         N/A       19%         1

Your spell library contained the following spells:

 Spells                   Type           Power      Damage    Failure   Level
 Blink                    Tloc           12%        N/A       19%         2
 Call Imp                 Summ           12%        N/A       19%         2
 Cigotuvi's Dreadful Rot  Necr/Pois/Air  4%         N/A       26%         2
 Mephitic Cloud           Conj/Pois/Air  3%         N/A       43%         3


Dungeon Overview and Level Annotations

Branches:
Dungeon (1/1)

Altars:
Cheibriados
Dithmenos
Fedhas
Gozag
Kikubaaqudgha
Makhleb
Okawaru
Qazlal
Ru
Sif Muna
Trog
Uskayaw
Vehumet
Wu Jian
Xom
Yredelemnul
Zin
The Shining One
Lugonu

Shops:
D *[=??*?*:[((!!!!


Innate Abilities, Weirdness & Mutations

You cannot wear most types of armour.
You are amphibious.
You can wear up to eight rings at the same time.
Your skin changes colour to match your surroundings (Stealth+).
Your rubbery body absorbs attacks. (AC +1, EV +1)
((You are camouflaged when in or above water. (Stealth+)))
You have tentacles for arms and can constrict up to eight enemies at once.


Message History

Found Muiboh's Basic Armour and Plog's Miscellaneous Merchandise.
ROUND 1!
FIGHT!
A quokka comes into view.
Found a shimmering blue altar of Sif Muna.
Found a glowing golden altar of the Shining One.
Found a radiant altar of Vehumet.
The quokka misses you.
You hit the quokka but do no damage. You grab the quokka.
You squeeze the quokka.
You kill the quokka!
Found Riviwag's Identification Station and Uviproha's Advanced Armour.
Found Resaj's Jewellery.
There is a shimmering blue altar of Sif Muna here.
You curl up in front of the altar of Sif Muna.
Sif Muna welcomes you!
Found Kony's Timeless Talismans.
Found three altars.
Found a shadowy altar of Dithmenos.
Found a snail-covered altar of Cheibriados.
Found Nizxuc's Magic Scroll Shop.
Found three shops.
Found three altars.
You start memorising the spell.
You continue memorising.
You finish memorising.
Spell assigned to 'b'.
Unknown command.
Found a burning altar of Makhleb.
A worm comes into view.
Found a blossoming altar of Fedhas.
Found a roughly hewn altar of Beogh.
Found Kadiatum's Distillery.
Found three shops.
Found a glowing silver altar of Zin.
You barely miss the worm. Your grab misses the worm.
The worm barely misses you.
You barely miss the worm. You grab the worm. You constrict the worm.
You hit the worm. You squeeze the worm!
The worm is heavily wounded.
You constrict the worm. The worm bites you!
Ouch! That really hurt!
* * * LOW HITPOINT WARNING * * *
You hit the worm. You squeeze the worm.
The worm is severely wounded.
You constrict the worm. The worm bites you.
You die...

#_......._# #_......._#
#........_#
###.........###
#⌠...........⌠#
###.8.........8.######
__......###......___∩##
......8.# #.8........∩##
........###.....@w......
.....###...###..........
.....# #.<.# #..........
.....###...###..........
........###.............
......8.# #.8........∩##
__......###......_._∩##
###.8.........8.######
#⌠...........⌠#


You could see a worm.

Vanquished Creatures
  A quokka (D)
1 creature vanquished.

Notes
Turn   | Place    | Note
-------+----------+-------------------------------------------
     0 | D        | fozzywoppz the Octopode Hedge Wizard began the quest for
                  | the Orb.
     0 | D        | Reached XP level 1. HP: 11/11 MP: 4/4
     1 | D        | Found an opulent altar of Gozag.
     1 | D        | Found a bloodstained altar of Trog.
     2 | D        | Found a stormy altar of Qazlal.
     3 | D        | Found an ornate altar of the Wu Jian Council.
     4 | D        | Found an iron altar of Okawaru.
     4 | D        | Found Kutsoboj's Weapon Rack.
     4 | D        | Found Palusche's Premium Goods.
     5 | D        | Found Muiboh's Basic Armour.
     5 | D        | Found Plog's Miscellaneous Merchandise.
     5 | D        | Round 1.
     7 | D        | Found a shimmering blue altar of Sif Muna.
     8 | D        | Found a glowing golden altar of the Shining One.
     9 | D        | Found a radiant altar of Vehumet.
    13 | D        | Found Riviwag's Identification Station.
    13 | D        | Found Uviproha's Advanced Armour.
    14 | D        | Found Resaj's Jewellery.
    16 | D        | Became a worshipper of Sif Muna the Loreminder
    17 | D        | Found a basalt altar of Yredelemnul.
    17 | D        | Found a hide-covered altar of Uskayaw.
    17 | D        | Found a shimmering altar of Xom.
    17 | D        | Found Kony's Timeless Talismans.
    22 | D        | Found a shadowy altar of Dithmenos.
    23 | D        | Found a snail-covered altar of Cheibriados.
    24 | D        | Found Nizxuc's Magic Scroll Shop.
    25 | D        | Found a sacrificial altar of Ru.
    25 | D        | Found an ancient bone altar of Kikubaaqudgha.
    25 | D        | Found a corrupted altar of Lugonu.
    25 | D        | Found Sohug's Staff Store.
    25 | D        | Found Mehiacs's Magic Scroll Shop.
    25 | D        | Found Takiq's Must-Have Magic.
    30 | D        | Learned a level 1 spell: Slow
    31 | D        | Found a burning altar of Makhleb.
    32 | D        | Found a blossoming altar of Fedhas.
    34 | D        | Found Kadiatum's Distillery.
    35 | D        | Found Ephe's Distillery.
    35 | D        | Found Jealoq's Bottled Wisdom.
    35 | D        | Found a glowing silver altar of Zin.
    35 | D        | Found Hukhlasie's Do-It-Yourself Clinic.
    41 | D        | Slain by a worm

Illustrated notes

Levels and vault maps discovered:
D:        arena_sprint

Action                     || total
---------------------------++-------
  Melee: Dagger            ||     5
         Tentacles         ||     3
         Constrict         ||     2
 Armour: Skin              ||     2
  Dodge: Dodged            ||     2

Table legend: (Time is in decaauts)
 A = Elapsed time spent in this place.
 B = Non-inter-level travel time spent in this place.
 C = Inter-level travel time spent in this place.
 D = Time resting spent in this place.
 E = Time spent auto-exploring this place.
 F = Levels seen in this place.
 G = Mean time per level.
                   A        B        C        D        E       F      G
               +--------+--------+--------+--------+--------+-----+--------+
         Total |     41 |     41 |      0 |      0 |      0 |   1 |   41.0 |
       Dungeon |     41 |     41 |      0 |      0 |      0 |   1 |   41.0 |
               +--------+--------+--------+--------+--------+-----+--------+

Top non-repeatable levels by time:
       D: 41 daAuts
